[Event "*** SCC Grand Prix: Titled Tuesday Blitz"]
[Site "Chess.com"]
[Date "2020.06.23"]
[Round "10"]
[White "FMJoseHerrera"]
[Black "simplerXiao"]
[Result "1-0"]
[WhiteElo "2587"]
[BlackElo "2456"]
[TimeControl "180+1"]
[EndTime "11:55:14 PDT"]
[Termination "FMJoseHerrera won by checkmate"]

1. Nf3 d5 2. g3 Nc6 3. Bg2 e5 4. O-O e4 5. Ne1 Nf6 6. d3 Bf5 7. c4 dxc4 8. Qa4 cxd3 9. exd3 Be7 10. dxe4 Bd7 11. Nc3 O-O 12. Bf4 Nh5 13. Be3 Bd6 14.
Rd1 Qc8 15. f4 Bh3 16. e5 Bxg2 17. Kxg2 Be7 18. Nd5 Bd8 19. Nf3 Qg4 20. Bf2 f5 21. Ne3 Qg6 22. Kh1 Kh8 23. Qb5 Rb8 24. Rd7 a6 25.
Qc5 b6 26. Qxf8# 1-0

[Event "*** SCC Grand Prix: Titled Tuesday Blitz"]
[Site "Chess.com"]
[Date "2020.06.23"]
[Round "10"]
[White "TheLawAdv"]
[Black "silverback96"]
[Result "0-1"]
[WhiteElo "2023"]
[BlackElo "2272"]
[TimeControl "180+1"]
[EndTime "11:55:14 PDT"]
[Termination "silverback96 won by resignation"]

1. e4 e6 2. d4 c5 3. c3 a6 4. Nf3 cxd4 5. cxd4 d5 6. e5 Nc6 7. Be2 Nge7 8. O-O h5 9. Be3 Nf5 10. Nc3 Nxe3 11. fxe3 g6 12. Bd3 Bh6 13. Qe2 O-O 14.
a3 Ne7 15. e4 dxe4 16. Nxe4 Nf5 17. Nf6+ Kh8 18. Bxf5 exf5 19. Rfd1 Bg7 20. Nxh5 gxh5 21. d5 Re8 22. h4 Qb6+ 23. Kh1 Qg6 24. d6 Be6 25. d7 Red8 26. Rd6 Rxd7 27. Rad1 Rxd6 28.
exd6 Bh6 29. d7 Qf6 30. Ng5 Bxg5 31. hxg5 Qxg5 32. Qe5+ Kh7 33. Rd3 Rg8 34. Rg3 Qc1+ 35. Kh2 Bxd7 36. Rxg8 Kxg8 37. Qg3+ Kh7 0-1

[Event "*** SCC Grand Prix: Titled Tuesday Blitz"]
[Site "Chess.com"]
[Date "2020.06.23"]
[Round "10"]
[White "AlanTate"]
[Black "Alexandercs432"]
[Result "1-0"]
[WhiteElo "2315"]
[BlackElo "2106"]
[TimeControl "180+1"]
[EndTime "11:55:15 PDT"]
[Termination "AlanTate won by resignation"]

1. d4 d5 2. c4 e5 3. dxe5 d4 4. Nf3 Nc6 5. Nbd2 Nge7 6. Nb3 Nf5 7. e4 Nh4 8. Nfxd4 Nxe5 9. Nb5 Qxd1+ 10. Kxd1 Kd7 11.
Bf4 f6 12. Kc2 c6 13. Rd1+ Ke8 14. Nc7+ Kf7 15. Nxa8 Be6 16. Bxe5 fxe5 17. Nc7 Bg4 18. f3 Bh5 19. Rd8 g6 20. g4 1-0

[Event "*** SCC Grand Prix: Titled Tuesday Blitz"]
[Site "Chess.com"]
[Date "2020.06.23"]
[Round "10"]
[White "KingChess345"]
[Black "RusPakhom"]
[Result "1-0"]
[WhiteElo "2185"]
[BlackElo "2302"]
[TimeControl "180+1"]
[EndTime "11:55:18 PDT"]
[Termination "KingChess345 won by resignation"]

1. d4 d6 2. Nf3 g6 3. g3 Bg7 4. Bg2 Nd7 5. O-O e5 6. c4 e4 7.
Ng5 Ngf6 8. Nxe4 Nxe4 9. Bxe4 O-O 10. Nc3 Re8 11. Bg2 Nf6 12. b3 c6 13. e4 h5 14.
Bg5 Qc7 15. Re1 Nd7 16. Qd2 Nf8 17. d5 Nd7 18. Rad1 a5 19. Be3 c5 20. Nb5 Qb6 21.
a4 Ne5 22. h3 Bd7 23. f4 Bxb5 24. cxb5 Nd7 25. Qc2 Qc7 26. Bd2 h4 27. g4 Bd4+ 28. Be3 Bg7 29. Bc1 Bd4+ 30. Rxd4 Nf6 31. Rdd1 Rac8 32.
Bb2 Nd7 33. Qc3 f6 34. g5 Qd8 35. gxf6 Kf7 36. e5 1-0

[Event "*** SCC Grand Prix: Titled Tuesday Blitz"]
[Site "Chess.com"]
[Date "2020.06.23"]
[Round "10"]
[White "2008king"]
[Black "Grandmaster2B"]
[Result "1-0"]
[WhiteElo "2257"]
[BlackElo "2400"]
[TimeControl "180+1"]
[EndTime "11:55:20 PDT"]
[Termination "2008king won by resignation"]

1. e4 c5 2. Nf3 d6 3. d4 cxd4 4. Qxd4 Nf6 5. c4 Nc6 6. Qe3 Bg4 7. Nc3 e6 8. Nd4 Be7 9. Be2 O-O 10. O-O Rc8 11.
f3 Bh5 12. Kh1 a6 13. Rd1 Qc7 14. b3 b5 15. Bb2 bxc4 16. Bxc4 Ne5 17. Be2 Kh8 18.
Rac1 Qa7 19. Nf5 Qxe3 20. Nxe3 Nfd7 21. Na4 Nc5 22. Nxc5 dxc5 23. Bxe5 Bg5 24. Rc3 Rfd8 25. Bg3 Bf6 26. Rcd3 1-0

[Event "*** SCC Grand Prix: Titled Tuesday Blitz"]
[Site "Chess.com"]
[Date "2020.06.23"]
[Round "10"]
[White "Beca95"]
[Black "mmmflatbread"]
[Result "1-0"]
[WhiteElo "2897"]
[BlackElo "2801"]
[TimeControl "180+1"]
[EndTime "11:55:21 PDT"]
[Termination "Beca95 won by resignation"]

1. e4 c5 2. Nc3 e6 3. f4 d5 4. Bb5+ Bd7 5. Bxd7+ Qxd7 6. d3 Nc6 7. Nf3 Nf6 8. e5 Ng4 9. h3 Nh6 10. g4 f6 11. Qe2 Nf7 12. Bd2 fxe5 13. fxe5 Be7 14. O-O-O a6 15. Qh2 b5 16. Kb1 O-O 17. Ne2 b4 18. g5 Nh8 19. Rhf1 a5 20. h4 a4 21. h5 b3 22. g6 bxc2+ 23. Kxc2 c4 24. dxc4 Na5 25.
cxd5 Qxd5 26. Nc3 Rac8 27. Qe2 Qxa2 28. Nd4 Nc4 29. Nxa2 1-0

[Event "*** SCC Grand Prix: Titled Tuesday Blitz"]
[Site "Chess.com"]
[Date "2020.06.23"]
[Round "10"]
[White "Sam_ChessMood"]
[Black "Diego_FloresQ"]
[Result "1-0"]
[WhiteElo "2823"]
[BlackElo "2517"]
[TimeControl "180+1"]
[EndTime "11:55:21 PDT"]
[Termination "Sam_ChessMood won by resignation"]

1. e4 c5 2. Nf3 e6 3. d4 cxd4 4. Nxd4 Nf6 5. Nc3 d6 6. g4 h6 7. h4 Nc6 8. Rg1 d5 9. Bb5 Bd7 10. exd5 Nxd5 11. Nxd5 exd5 12. Be3 Qxh4 13. Qe2 Nxd4 14.
Bxd4+ Qe7 15. Bxd7+ Kxd7 16. Be3 Qb4+ 17. c3 Qc4 18. Qf3 f6 19. O-O-O Kc6 20. Rd4 Qxa2 21.
Rgd1 Rd8 22. c4 Qa1+ 23. Kc2 Qa4+ 24. Kb1 Kc7 25. Bf4+ Bd6 26. c5 1-0

[Event "*** SCC Grand Prix: Titled Tuesday Blitz"]
[Site "Chess.com"]
[Date "2020.06.23"]
[Round "10"]
[White "levallem"]
[Black "Sharpchess22"]
[Result "0-1"]
[WhiteElo "2126"]
[BlackElo "2726"]
[TimeControl "180+1"]
[EndTime "11:55:22 PDT"]
[Termination "Sharpchess22 won by resignation"]

1. d4 Nf6 2. c4 g6 3. Nc3 Bg7 4.
Nf3 d6 5. e4 O-O 6. h3 e5 7.
dxe5 dxe5 8. Qxd8 Rxd8 9. Bg5 Re8 10. O-O-O c6 11. Bd3 Na6 12. Be3 Bf8 13. a3 Nc5 14. Bc2 a5 15. Nd2 Be6 16. f3 Nh5 17. g4 Nf4 18.
Bxf4 exf4 19. Ne2 Bd6 20. Nb3 Nxb3+ 21. Bxb3 Bc5 22. Nd4 Bc8 23. Ne2 a4 24. Bc2 Be6 25. Bd3 g5 26. h4 h6 27. hxg5 hxg5 28. Rh5 f6 29. Rdh1 Kf8 30. Rh7 Bf7 31. R1h6 Ke7 32. Rg7 Rg8 33. Rxg8 Rxg8 34. Kc2 Rd8 35. Kc3 Bb6 36.
Rh1 Ba5+ 37. Kc2 b5 38. cxb5 Bb3+ 39. Kc1 Rxd3 0-1

[Event "*** SCC Grand Prix: Titled Tuesday Blitz"]
[Site "Chess.com"]
[Date "2020.06.23"]
[Round "10"]
[White "Ermito2020"]
[Black "Ginger_GM"]
[Result "1-0"]
[WhiteElo "2504"]
[BlackElo "2638"]
[TimeControl "180+1"]
[EndTime "11:55:26 PDT"]
[Termination "Ermito2020 won by checkmate"]

1. e4 e6 2. d4 a6 3. Nf3 b5 4. Bd3 c5 5. c3 Bb7 6. O-O h5 7.
a4 b4 8. Re1 h4 9. h3 Be7 10.
Nbd2 Nf6 11. e5 Nd5 12. Ne4 bxc3 13. bxc3 cxd4 14. cxd4 Nc6 15. Bg5 f6 16. exf6 gxf6 17. Bxh4 Nf4 18. Bg3 Nxd3 19. Qxd3 Nb4 20. Nd6+ Bxd6 21.
Qg6+ Ke7 22. Qg7+ Ke8 23. Bxd6 Bxf3 24. Qg6# 1-0

[Event "*** SCC Grand Prix: Titled Tuesday Blitz"]
[Site "Chess.com"]
[Date "2020.06.23"]
[Round "10"]
[White "Bigfish1995"]
[Black "Karacsonyi_Gellert"]
[Result "1-0"]
[WhiteElo "3018"]
[BlackElo "2535"]
[TimeControl "180+1"]
[EndTime "11:55:28 PDT"]
[Termination "Bigfish1995 won by resignation"]

1. e4 c5 2. Nf3 Nc6 3. Nc3 g6 4. d4 cxd4 5. Nxd4 Bg7 6. Be3 Nf6 7. Bc4 O-O 8. Bb3 Re8 9. h3 d6 10. Qd2 Bd7 11. f4 Rc8 12. O-O Nxd4 13. Bxd4 Bc6 14.
Rae1 b5 15. e5 Nd7 16. e6 fxe6 17. Bxe6+ Kf8 18. Bxg7+ Kxg7 19. Qd4+ Kh6 20. g4 Qb6 21. g5+ Kh5 22. Qxb6 axb6 23. Kh2 h6 24. h4 Nc5 25.
Bxc8 Rxc8 26. Rxe7 hxg5 27. hxg5 Kg4 28. Rg1+ Kxf4 29. Ne2+ Kf3 30. Nd4+ Kf4 31. Rf7+ Ke3 32.
Nxc6 Rxc6 33. Rf6 Ne4 34. Re1+ Kd4 35. c3+ Kd3 36. Rf3+ Kd2 37. Rxe4 1-0

[Event "*** SCC Grand Prix: Titled Tuesday Blitz"]
[Site "Chess.com"]
[Date "2020.06.23"]
[Round "10"]
[White "GukeshDommaraju"]
[Black "pooh2012"]
[Result "1-0"]
[WhiteElo "2707"]
[BlackElo "2507"]
[TimeControl "180+1"]
[EndTime "11:55:28 PDT"]
[Termination "GukeshDommaraju won by checkmate"]

1. c4 d6 2. d4 e5 3. e3 Nc6 4.
Nc3 f5 5. Nf3 Be7 6. d5 Nb8 7.
e4 f4 8. g3 fxg3 9. hxg3 Nf6 10.
Bh3 Bxh3 11. Rxh3 Qd7 12. Ng5 Na6 13. Ne6 g6 14. Be3 c6 15. f4 exf4 16. gxf4 Nc7 17. f5 Nxe6 18. dxe6 Qc7 19. Qd4 gxf5 20. exf5 b6 21.
Bg5 Rf8 22. Rh6 d5 23. O-O-O Qg3 24. Bf4 Qg4 25. cxd5 O-O-O 26. Qc4 c5 27. Qa6# 1-0

[Event "*** SCC Grand Prix: Titled Tuesday Blitz"]
[Site "Chess.com"]
[Date "2020.06.23"]
[Round "10"]
[White "lilleper1"]
[Black "Schandenfreude"]
[Result "1-0"]
[WhiteElo "2700"]
[BlackElo "2528"]
[TimeControl "180+1"]
[EndTime "11:55:33 PDT"]
[Termination "lilleper1 won by resignation"]

1. d4 d5 2. c4 dxc4 3. Nf3 Nf6 4. e3 e6 5. Bxc4 a6 6. O-O c5 7. Qe2 Be7 8. dxc5 Bxc5 9. Rd1 Qc7 10. a3 b5 11. Bd3 Bb7 12. b4 Bd6 13. Bb2 Nbd7 14.
Nbd2 Rc8 15. Rac1 Qb8 16. Rxc8+ Bxc8 17. Ne4 Be7 18. Nxf6+ Nxf6 19. Ne5 Bd6 20. Ng4 Nxg4 21. Qxg4 Be5 22. Bxe5 Qxe5 23. Qh4 h6 24. Bxb5+ 1-0

[Event "*** SCC Grand Prix: Titled Tuesday Blitz"]
[Site "Chess.com"]
[Date "2020.06.23"]
[Round "10"]
[White "GMJustin"]
[Black "pastouche06"]
[Result "0-1"]
[WhiteElo "2264"]
[BlackElo "2460"]
[TimeControl "180+1"]
[EndTime "11:55:34 PDT"]
[Termination "pastouche06 won on time"]

1. e4 c6 2. d4 d5 3. Nc3 dxe4 4. Nxe4 Nf6 5. Nxf6+ exf6 6. c3 Bd6 7. Bd3 O-O 8. Qc2 Re8+ 9. Ne2 h5 10. Be3 Nd7 11.
O-O-O Nf8 12. Nf4 Bxf4 13. Bxf4 Be6 14. Kb1 b5 15. h3 a5 16. g4 h4 17. Rhg1 Qd5 18.
b3 a4 19. b4 Ng6 20. Be3 a3 21. Ka1 Ne7 22. Be4 Qd7 23. g5 f5 24. Bf3 g6 25.
Be2 Bd5 26. Bf4 Be4 27. Qb3 Nd5 28. Be5 f4 29. f3 Bf5 30. Bd3 Ne3 31. Bxf5 Qxf5 0-1

[Event "*** SCC Grand Prix: Titled Tuesday Blitz"]
[Site "Chess.com"]
[Date "2020.06.23"]
[Round "10"]
[White "NiranjanNavalgund"]
[Black "HunterBRR"]
[Result "1-0"]
[WhiteElo "2433"]
[BlackElo "2078"]
[TimeControl "180+1"]
[EndTime "11:55:34 PDT"]
[Termination "NiranjanNavalgund won on time"]

1. e4 c5 2. d4 cxd4 3. c3 Nf6 4. e5 Nd5 5. Nf3 Nc6 6. Bc4 Nb6 7. Bb3 d5 8. cxd4 Bg4 9. Be3 e6 10. h3 Bxf3 11.
Qxf3 Be7 12. Qg4 Kf8 13. h4 Rc8 14. h5 h6 15. Nc3 Na5 16. Rh3 Nac4 17. Rg3 Bg5 18.
Bxc4 Nxc4 19. Bc1 Rg8 20. Kf1 b5 21. Bxg5 hxg5 22. Nxb5 Qb6 23. a4 a6 24. Qxg5 axb5 25. h6 g6 26. h7 Rh8 27. Rh3 Nd2+ 28. Qxd2 bxa4 29. Qg5 Qxb2 30. Re1 Qb5+ 31. Kg1 a3 32. Qf6 1-0

[Event "*** SCC Grand Prix: Titled Tuesday Blitz"]
[Site "Chess.com"]
[Date "2020.06.23"]
[Round "10"]
[White "CyberneticLion"]
[Black "crazy_but_lazy"]
[Result "0-1"]
[WhiteElo "2452"]
[BlackElo "2347"]
[TimeControl "180+1"]
[EndTime "11:55:39 PDT"]
[Termination "crazy_but_lazy won by resignation"]

1. e4 e6 2. d4 d5 3. exd5 exd5 4. c4 Nf6 5. Nc3 Be7 6. cxd5 Nxd5 7. Bc4 c6 8. Qb3 O-O 9. Nxd5 cxd5 10. Bxd5 Nc6 11.
Bxc6 bxc6 12. Be3 Re8 13. Ne2 Ba6 14. Qc2 Bg5 15. O-O Bxe3 16. fxe3 Rxe3 17. Rf2 Bxe2 18. Rxe2 Qxd4 19. Rxe3 Qxe3+ 20. Kh1 Re8 21. h3 c5 22. Rc1 Re5 23. Rd1 g6 24. Qa4 Qe2 25. Qb3 Kg7 26. Rc1 h5 27. Qc3 Kh7 28. Rc2 Qf1+ 29. Kh2 Re1 30. Qf3 Qg1+ 31. Kg3 Re3 32. Rf2 Rxf3+ 33. Kxf3 Qb1 34. a3 Qd3+ 35. Kf4 f6 36. g3 0-1

[Event "*** SCC Grand Prix: Titled Tuesday Blitz"]
[Site "Chess.com"]
[Date "2020.06.23"]
[Round "10"]
[White "Reader777"]
[Black "BigAl"]
[Result "1-0"]
[WhiteElo "2698"]
[BlackElo "2487"]
[TimeControl "180+1"]
[EndTime "11:55:47 PDT"]
[Termination "Reader777 won by resignation"]

1. d4 Nf6 2. c4 g6 3. g3 Bg7 4.
Bg2 O-O 5. Nc3 d6 6. Nf3 Nbd7 7. O-O e5 8. e4 c6 9. h3 Qa5 10. Be3 exd4 11. Nxd4 Nb6 12. Nb3 Qh5 13. Qxh5 Nxh5 14. g4 Nf6 15. c5 dxc5 16. Bxc5 Re8 17. Rad1 Nc4 18. Rb1 Nd7 19. Rfd1 Nxc5 20. Nxc5 b6 21. Nb3 Ba6 22. Nd4 c5 23. Ndb5 Rad8 24. Nc7 Bb7 25. Nxe8 Rxe8 26. Rd7 Bc8 27. Rxa7 Nxb2 28. Rxb2 Bxc3 29.
Rxb6 Be6 30. Rba6 Kg7 31. Ra8 Re7 32. R6a7 Bd7 33. Rd8 1-0

[Event "*** SCC Grand Prix: Titled Tuesday Blitz"]
[Site "Chess.com"]
[Date "2020.06.23"]
[Round "10"]
[White "leoduarte"]
[Black "m-garcett"]
[Result "0-1"]
[WhiteElo "2230"]
[BlackElo "2073"]
[TimeControl "180+1"]
[EndTime "11:55:47 PDT"]
[Termination "m-garcett won by resignation"]

1. e4 c5 2. Nf3 d6 3. d4 cxd4 4. Nxd4 Nf6 5. Nc3 a6 6. Be3 e6 7. f3 b5 8. Qd2 Nbd7 9. O-O-O Bb7 10. Kb1 Rc8 11. g4 Nb6 12. g5 Nfd7 13. h4 Be7 14.
Be2 Ne5 15. Rdg1 b4 16. Nd1 d5 17. exd5 Nbc4 18. Bxc4 Nxc4 19. Qd3 Bxd5 20. Bc1 O-O 21. Rh3 a5 22. f4 a4 23. h5 Bc5 24. Rgg3 Bxd4 25.
Qxd4 Na3+ 26. Rxa3 Bxa2+ 27. Rxa2 Qxd4 28. Ne3 b3 0-1

[Event "*** SCC Grand Prix: Titled Tuesday Blitz"]
[Site "Chess.com"]
[Date "2020.06.23"]
[Round "10"]
[White "MathiasWomacka"]
[Black "Ze-Pequeno"]
[Result "1-0"]
[WhiteElo "2435"]
[BlackElo "2203"]
[TimeControl "180+1"]
[EndTime "11:55:54 PDT"]
[Termination "MathiasWomacka won by resignation"]

1. e4 c5 2. Nf3 d6 3. d4 cxd4 4.
Nxd4 Nf6 5. Nc3 a6 6. Be2 e6 7.
O-O Be7 8. f4 O-O 9. Kh1 Qc7 10.
Qe1 Nc6 11. Be3 Nxd4 12. Bxd4 b5 13. a3 Bb7 14. Qg3 g6 15. f5 e5 16. Be3 Rac8 17. Bd3 Rfe8 18. Qh3 Qd7 19. Bg5 Rcd8 20. Qh4 Nh5 21.
Bxe7 Qxe7 22. f6 Qe6 23. Be2 Nf4 24. Bg4 Qc4 25. Rxf4 exf4 26. Qh6 1-0

[Event "*** SCC Grand Prix: Titled Tuesday Blitz"]
[Site "Chess.com"]
[Date "2020.06.23"]
[Round "10"]
[White "GMTalks_Youtube"]
[Black "louis198"]
[Result "1-0"]
[WhiteElo "2679"]
[BlackElo "2499"]
[TimeControl "180+1"]
[EndTime "11:55:56 PDT"]
[Termination "GMTalks_Youtube won by resignation"]

1. e4 e6 2. d3 d5 3. Nd2 Nf6 4.
Ngf3 a5 5. a4 Bc5 6. e5 Nfd7 7.
c3 Ba7 8. d4 c5 9. Nb3 Nc6 10. Be2 O-O 11. O-O f6 12. exf6 Qxf6 13. Be3 cxd4 14. Nbxd4 Nxd4 15. cxd4 Nb6 16. Ne5 Bd7 17.
Bd3 Be8 18. b3 Bb8 19. Qg4 h6 20. Rae1 Bd6 21. f4 Bb4 22. Rc1 Rc8 23. Rxc8 Nxc8 24. f5 exf5 25. Rxf5 Qd8 26. Bxh6 Qc7 27. Rxf8+ Bxf8 28. Qe6+ Bf7 29. Nxf7 Qxf7 30. Bh7+ 1-0

[Event "*** SCC Grand Prix: Titled Tuesday Blitz"]
[Site "Chess.com"]
[Date "2020.06.23"]
[Round "10"]
[White "Mikhail_Golubev"]
[Black "KNCP_719"]
[Result "1-0"]
[WhiteElo "2588"]
[BlackElo "2465"]
[TimeControl "180+1"]
[EndTime "11:55:57 PDT"]
[Termination "Mikhail_Golubev won on time"]

1. e4 e5 2. Nf3 Nf6 3. Nc3 Bb4 4. Nxe5 O-O 5. Nd3 Bxc3 6. dxc3 Nxe4 7. Be2 d5 8. O-O Re8 9. Nf4 Nf6 10. c4 d4 11. Bf3 Nc6 12. Nd5 Be6 13. Bg5 Bxd5 14. Bxd5 h6 15. Bh4 g5 16. Bxc6 bxc6 17. Bg3 Qd7 18.
Qd3 c5 19. Rae1 Kg7 20. Be5 Re6 21. f4 g4 22. f5 Re7 23. Qg3 Rxe5 24. Rxe5 Qd6 25.
Rfe1 Rd8 26. Re7 Qb6 27. Qxc7 Qxc7 28. Rxc7 1-0

[Event "*** SCC Grand Prix: Titled Tuesday Blitz"]
[Site "Chess.com"]
[Date "2020.06.23"]
[Round "10"]
[White "j2806"]
[Black "RianKapriaga"]
[Result "0-1"]
[WhiteElo "2049"]
[BlackElo "2166"]
[TimeControl "180+1"]
[EndTime "11:55:57 PDT"]
[Termination "RianKapriaga won by resignation"]

1. e4 e5 2. Nf3 Nc6 3. Bb5 a6 4. Ba4 Nf6 5. d3 d6 6. O-O b5 7.
Bb3 Na5 8. c3 Nxb3 9. Qxb3 Be7 10. Nbd2 O-O 11. h3 c5 12. Re1 Be6 13. Qc2 h6 14. Nf1 Qc7 15. Ne3 d5 16. exd5 Nxd5 17. Nxd5 Bxd5 18. Nxe5 Bd6 19. Ng4 Rfe8 20. Bd2 Bb7 21. Ne3 Bh2+ 22. Kh1 Bf4 23. Rad1 Rad8 24. Bc1 Qd7 25. Kg1 Re6 26. Ng4 Bb8 27. Rxe6 Qxe6 28. d4 h5 29. Ne3 Qd6 30. dxc5 Qh2+ 31. Kf1 Re8 32. Qf5 Bxg2+ 33. Ke2 Bxh3 34. Qd5 Bg4+ 0-1

[Event "*** SCC Grand Prix: Titled Tuesday Blitz"]
[Site "Chess.com"]
[Date "2020.06.23"]
[Round "10"]
[White "felipelobo"]
[Black "metalbattler"]
[Result "1/2-1/2"]
[WhiteElo "2084"]
[BlackElo "2054"]
[TimeControl "180+1"]
[EndTime "11:55:57 PDT"]
[Termination "Game drawn by agreement"]

1. e4 d5 2. exd5 Nf6 3. Nc3 Nxd5 4. Nf3 Bg4 5. d4 e6 6. Be2 Be7 7. O-O O-O 8. h3 Bh5 9. Nxd5 exd5 10. Re1 Nd7 11. Bf4 Nf6 12. Bd3 Bd6 13. Bxd6 Qxd6 14. g4 Bg6 15. Ne5 Bxd3 16. Qxd3 Rfe8 17. Rad1 Re7 18.
Re2 Rae8 19. Rde1 Ne4 20. Kg2 c5 21. c3 c4 22. Qf3 b5 23. Qf5 a5 24. a3 b4 25.
axb4 axb4 26. Re3 bxc3 27. bxc3 f6 28. Nxc4 Qc6 1/2-1/2

[Event "*** SCC Grand Prix: Titled Tuesday Blitz"]
[Site "Chess.com"]
[Date "2020.06.23"]
[Round "10"]
[White "Orest_Vovk"]
[Black "tsvet2005"]
[Result "0-1"]
[WhiteElo "2401"]
[BlackElo "2625"]
[TimeControl "180+1"]
[EndTime "11:55:59 PDT"]
[Termination "tsvet2005 won by checkmate"]

1. h4 b5 2. h5 Bb7 3. d4 e6 4. h6 Nxh6 5. Bxh6 gxh6 6. Nf3 Bg7 7. e3 a6 8. Nbd2 c5 9. c3 cxd4 10. cxd4 Nc6 11. Rh5 d6 12. a4 bxa4 13. Rxa4 O-O 14. Bd3 e5 15. Qb1 exd4 16. Bxh7+ Kh8 17. Be4 dxe3 18. fxe3 Qe7 19. Ng5 Ne5 20. Bxb7 Ng6 21. Re4 Qxb7 22. Qd3 Rae8 23. Reh4 Qxg2 24. Rxh6+ Bxh6 25.
Rxh6+ Kg7 26. Rxg6+ fxg6 27. Qd4+ Kg8 28. Qh4 Qg1+ 29.
Ke2 Rxe3# 0-1

[Event "*** SCC Grand Prix: Titled Tuesday Blitz"]
[Site "Chess.com"]
[Date "2020.06.23"]
[Round "10"]
[White "IwkooO"]
[Black "albano87"]
[Result "1-0"]
[WhiteElo "2531"]
[BlackElo "2380"]
[TimeControl "180+1"]
[EndTime "11:56:00 PDT"]
[Termination "IwkooO won by checkmate"]

1. e4 c5 2. Nf3 d6 3. d4 cxd4 4. Nxd4 Nf6 5. Nc3 a6 6. Be3 e6 7. f3 b5 8. Qd2 Nbd7 9. g4 h6 10.
h4 Bb7 11. O-O-O Rc8 12. Rg1 Nb6 13. g5 hxg5 14. hxg5 Nfd7 15. g6 Ne5 16. gxf7+ Kxf7 17. Qg2 Rxc3 18. bxc3 Qf6 19. Bg5 Qg6 20. Be2 Nec4 21.
Qg4 Na4 22. Bxc4 bxc4 23. Kd2 Be7 24. Bxe7 Rh2+ 25. Kc1 Qxg4 26. Rxg4 Nxc3 27. Bxd6 Rf2 28. Rdg1 Nxa2+ 29. Kb2 Nb4 30. Rxg7+ Ke8 31. Re7+ Kf8 32. Rxb7+ Ke8 33. Rg8# 1-0

[Event "*** SCC Grand Prix: Titled Tuesday Blitz"]
[Site "Chess.com"]
[Date "2020.06.23"]
[Round "10"]
[White "maciek_92"]
[Black "MatyChess1"]
[Result "1-0"]
[WhiteElo "2702"]
[BlackElo "2540"]
[TimeControl "180+1"]
[EndTime "11:56:03 PDT"]
[Termination "maciek_92 won by resignation"]

1. c4 e5 2. Nc3 Nc6 3. g3 Bc5 4.
Bg2 d6 5. e3 a6 6. Nge2 Ba7 7.
a3 h5 8. b4 h4 9. d3 Nf6 10.
Bb2 Be6 11. Nd5 Qd7 12. Nxf6+ gxf6 13. Nc3 f5 14. Nd5 Qd8 15. Qe2 Nb8 16. Nf6+ Qxf6 17. Bxb7 c6 18. Bxa8 Kd7 19. d4 hxg3 20. fxg3 exd4 21.
O-O-O Kc7 22. exd4 d5 23. c5 Qg5+ 24. Kb1 Qg4 25.
Qe5+ Kc8 26. Qxh8+ 1-0

[Event "*** SCC Grand Prix: Titled Tuesday Blitz"]
[Site "Chess.com"]
[Date "2020.06.23"]
[Round "10"]
[White "ZverevLev"]
[Black "Artyom_ChessMate"]
[Result "1-0"]
[WhiteElo "2380"]
[BlackElo "2503"]
[TimeControl "180+1"]
[EndTime "11:56:03 PDT"]
[Termination "ZverevLev won by resignation"]

1. e4 e5 2. Nf3 Nc6 3. Bb5 a6 4.
Ba4 Nf6 5. O-O Be7 6. d3 b5 7. Bb3 O-O 8. c3 d6 9. Nbd2 Bb7 10. Re1 Re8 11. Nf1 Bf8 12. Ng3 h6 13.
h3 g6 14. Be3 Na5 15. Bc2 c5 16. Qd2 Kh7 17. b4 cxb4 18. cxb4 Nc6 19. Bb3 Qd7 20. Rac1 Rac8 21. a3 Bg7 22. Qa2 Nd8 23. Rxc8 Bxc8 24. d4 exd4 25. Bxd4 Bb7 26. Qb2 Nh5 27.
Nxh5 Bxd4 28. Nxd4 gxh5 29. Nf5 Rg8 30. Ng3 Kg6 31.
e5 d5 32. Bc2+ Kg7 33. e6+ 1-0

[Event "*** SCC Grand Prix: Titled Tuesday Blitz"]
[Site "Chess.com"]
[Date "2020.06.23"]
[Round "10"]
[White "dosto07"]
[Black "ajian"]
[Result "1-0"]
[WhiteElo "2194"]
[BlackElo "2373"]
[TimeControl "180+1"]
[EndTime "11:56:03 PDT"]
[Termination "dosto07 won by resignation"]

1. e4 c5 2. Nf3 Nc6 3. Bb5 g6 4. O-O Bg7 5. c3 Nf6 6. e5 Nd5 7. d4 O-O 8. Bxc6 dxc6 9. dxc5 Bg4 10. Re1 Qc7 11. c4 Nb4 12. Qb3 Bxf3 13. Qxb4 Bg4 14. Bf4 Rad8 15. Nd2 h6 16. h3 Be6 17. Rad1 g5 18.
Bg3 Rd3 19. Nf3 Rfd8 20. Rxd3 Rxd3 21. Qa4 g4 22. hxg4 Bxg4 23. Rd1 Rxd1+ 24. Qxd1 Bxe5 25. Bxe5 Bxf3 26. Qxf3 Qxe5 27. Qg4+ Kh7 28. Qd7 Qe1+ 29.
Kh2 Qxf2 30. Qxe7 Qh4+ 31. Qxh4 1-0

[Event "*** SCC Grand Prix: Titled Tuesday Blitz"]
[Site "Chess.com"]
[Date "2020.06.23"]
[Round "10"]
[White "Jumbo"]
[Black "LiemLe"]
[Result "0-1"]
[WhiteElo "2860"]
[BlackElo "3011"]
[TimeControl "180+1"]
[EndTime "11:56:09 PDT"]
[Termination "LiemLe won on time"]

1. d4 Nf6 2. c4 e6 3. Nf3 d5 4. g3 dxc4 5. Bg2 Nc6 6. Qa4 Bb4+ 7. Bd2 Nd5 8. Bxb4 Nxb4 9. Nc3 Bd7 10. O-O a5 11.
Qb5 Nxd4 12. Qxc4 Nxf3+ 13. Bxf3 c6 14. Rfd1 O-O 15. Qd4 Nc2 16. Qxd7 Qxd7 17. Rxd7 Nxa1 18. Rxb7 Rfb8 19. Rc7 Rc8 20. Rd7 Nc2 21. Ne4 Rd8 22.
Rc7 Rd1+ 23. Kg2 Ne1+ 24. Kh3 Nxf3 25. exf3 Rc1 26. Nd6 Rf8 27. Kg2 Rc2 28. b3 Rxa2 29.
Rxc6 h6 30. Rb6 Rd8 31. Nc4 Rd4 32. Rc6 Kh7 33. f4 f6 0-1

[Event "*** SCC Grand Prix: Titled Tuesday Blitz"]
[Site "Chess.com"]
[Date "2020.06.23"]
[Round "10"]
[White "JozefKneht"]
[Black "Walter_White_Poland"]
[Result "1-0"]
[WhiteElo "2432"]
[BlackElo "2214"]
[TimeControl "180+1"]
[EndTime "11:56:10 PDT"]
[Termination "JozefKneht won on time"]

1. e4 e5 2. Nf3 Nc6 3. Bb5 a6 4. Ba4 Nf6 5. O-O b5 6. Bb3 Be7 7. Re1 d6 8. c3 O-O 9. h3 Nb8 10. d4 Nbd7 11. Nbd2 Bb7 12. Bc2 Re8 13. Nf1 Bf8 14. Ng3 g6 15. a4 c5 16. d5 c4 17. Bg5 h6 18. Be3 Kh7 19.
Nh2 Nc5 20. Ng4 Nxg4 21. hxg4 Qh4 22. Nf1 Nd7 23. g3 Qh3 24. Qf3 Re7 25. Nh2 Bg7 26.
axb5 axb5 27. Rxa8 Bxa8 28. Ra1 Bb7 29. Ra5 b4 30. cxb4 Nf6 31. Ra7 Ne8 32. Bd1 Kg8 33. Be2 f5 34. gxf5 gxf5 35. exf5 e4 36. Qg4 Qxg4 37.
Nxg4 Bxb2 38. Bxc4 1-0

[Event "*** SCC Grand Prix: Titled Tuesday Blitz"]
[Site "Chess.com"]
[Date "2020.06.23"]
[Round "10"]
[White "Bhagya_2312"]
[Black "pitterson"]
[Result "0-1"]
[WhiteElo "2057"]
[BlackElo "2277"]
[TimeControl "180+1"]
[EndTime "11:56:13 PDT"]
[Termination "pitterson won by resignation"]

1. e4 c6 2. d4 d5 3. e5 c5 4. dxc5 e6 5. Nf3 Bxc5 6. a3 Nc6 7. Bd3 Nge7 8. O-O Ng6 9. Qe2 Qc7 10. Re1 Bd7 11. g3 Rc8 12. b4 Nd4 13. Qd1 Nxf3+ 14. Qxf3 Bd4 15. c3 Nxe5 16. Qe2 Nxd3 17. Qxd3 Bxc3 18. Nxc3 Qxc3 19. Qxc3 Rxc3 20. Bb2 Rc4 21. Bxg7 Rg8 22. Be5 f6 23. Bd6 Kf7 24. Rac1 Rgc8 25. Bf4 e5 26. Bd2 Rxc1 27. Rxc1 Rxc1+ 28. Bxc1 Bb5 29. f3 d4 30. Kf2 Ke6 31. Bh6 f5 32. Bg7 Kd5 33.
g4 fxg4 34. fxg4 e4 35. h4 Kc4 36. h5 Be8 37. Ke2 Bd7 0-1